Map: Dusk Towers

Players

Grumm

  • Race: Terran Terran
  • League: Gold

Jabba - Winner!

  • Race: Terran Terran
  • League: Gold

VOD

Have the link to the VOD?

Description

Time

  • Played on: Feb. 12, 2016, 12:25 p.m.
  • Length: 18:23
Show
View Real Time Build Order
Export as new Build Order

Grumm Terran 

Build Orders: Liberator Opening 

Get SALT Encoding   

  12  0:01  SCV  
  13  0:14  SCV  
  14  0:19  Supply Depot  
  14  0:26  SCV  
  15  0:30  Refinery  
  15  0:44  Barracks  
  15  0:46  SCV  
  16  0:58  SCV  
  17  1:09  Supply Depot  
  17  1:10  SCV  
  18  1:22  SCV  
  19  1:30  Refinery  
  19  1:31  Reaper  
  20  1:34  SCV  
  21  1:53  Factory  
  21  1:56  Barracks  
  21  1:57  SCV  
  22  2:20  SCV  
  22  2:39  Starport  
  22  2:40  Hellion  
  22  2:41  Marine  
  22  2:43  Marine  
  26  2:49  Supply Depot  
  26  2:54  Orbital Command  
  26  2:59  Marine  
  26  3:01  Marine  
  27  3:10  Widow Mine  
  29  3:15  Medivac  
  31  3:34  Command Center  
  31  3:36  Liberator  
  31  3:54  Widow Mine  
  31  3:55  Marine x2  
  37  3:57  SCV  
  39  4:09  Supply Depot  
  39  4:31  SCV  
  34  4:53  Liberator  
  35  5:26  Widow Mine  
  35  5:27  Marine  
  35  5:28  Marine  
  39  5:33  SCV  
  39  5:34  Orbital Command  
  40  5:36  Supply Depot  
  40  5:45  Marine, SCV  
  40  5:46  Marine  
  43  5:56  Viking  
  45  5:57  SCV  
  45  6:02  Marine  
  45  6:03  Marine  
  45  6:04  Hellion  
  50  6:09  SCV  
  51  6:16  SCV  
  52  6:19  Refinery  
  52  6:20  Refinery, Marine  
  52  6:21  SCV  
  52  6:25  Hellion  
  33  8:08  Widow Mine  
  33  8:11  Viking  
  33  8:12  Marine x2  
  38  8:19  Starport  
  39  8:21  SCV x2  
  41  8:27  Barracks  
  41  8:28  Command Center  
  41  8:30  Marine x2  
  41  8:33  SCV  
  44  8:37  Widow Mine  
  46  8:41  Viking  
  46  8:48  Marine  
  49  8:57  Starport Tech Lab  
  49  9:00  Engineering Bay  
  49  9:01  SCV x2  
  51  9:06  Hellion  
  53  9:13  SCV x2  
  55  9:21  Barracks Tech Lab  
  55  9:22  Barracks Tech Lab  
  55  9:23  Barracks Tech Lab  
  55  9:28  Hellion  
  55  9:42  Planetary Fortress  
  55  9:45  Missile Turret  
  55  9:48  Missile Turret  
  55  9:53  SCV x2  
  55  9:55  Missile Turret  
  57  10:01  Missile Turret x2  
  57  10:05  SCV  
  58  10:08  Missile Turret  
  58  10:09  Missile Turret  
  58  10:16  Marauder x2  
  58  10:17  Marine  
  58  10:20  Starport Tech Lab, Factory Tech Lab  
  63  10:22  Banshee  
  63  10:26  Missile Turret  
  66  10:34  Marine  
  64  10:37  Marine x2  
  51  10:50  Siege Tank  
  41  11:21  Marine x2  
  41  11:22  Marauder  
  40  11:34  Banshee x2  
  40  11:39  Marauder, Marine  
  49  11:43  Marine  
  49  11:57  Marauder  
  49  12:00  Marine x2  
  52  12:02  Command Center  
  49  12:13  Factory Tech Lab  
  49  12:18  Marauder, Marine  
  49  12:19  Marauder  
  49  12:20  Engineering Bay  
  54  12:29  Fusion Core  
  54  12:36  Marine  
  55  12:52  Starport Tech Lab  
  55  12:53  Siege Tank  
  55  12:54  Refinery  
  58  13:04  Missile Turret  
  58  13:06  Hi-Sec Auto Tracking  
  58  13:11  Marine x3  
  53  13:28  Marine  
  53  13:29  Marauder x2  
  58  13:43  Cyclone  
  58  13:46  Marine  
  58  13:48  Medivac x2  
  66  13:50  Marauder  
  66  13:51  Marauder  
  66  13:52  SCV  
  66  13:53  SCV  
  72  14:04  Marine  
  73  14:15  Siege Tank  
  76  14:18  Battlecruiser, Stimpack  
  82  14:39  SCV x3  
  85  15:07  Supply Depot  
  85  15:08  Supply Depot  
  85  15:11  Liberator, Building Armor  
  85  15:18  SCV x2  
  85  15:19  Battlecruiser  
  93  15:28  SCV  
  93  15:31  SCV x2  
  93  15:33  Hellion  
  101  15:36  Reaper  
  101  15:37  Marauder, Reaper  
  101  15:41  SCV  
  106  15:43  SCV x2  
  106  15:47  Refinery  
  106  15:48  Refinery  
  108  15:53  SCV  
  109  16:41  Supply Depot  
  109  16:45  Liberator  
  109  16:47  Supply Depot  
  109  16:50  Supply Depot  
  109  16:54  Command Center  
  109  16:57  Supply Depot  
  109  17:01  Missile Turret  
  109  17:02  Medivac  
  109  17:03  SCV x3  
  109  17:07  Weapon Refit  
  117  17:15  SCV x3  
  120  17:21  Armory  
  120  17:24  Marauder, Marine x2  
  120  17:27  SCV  
  120  17:28  Siege Tank  
  128  17:32  Medivac  
  130  17:45  Viking  
Show
View Real Time Build Order
Export as new Build Order

Jabba Terran - Winner!

Build Orders: MMM Bio 

Get SALT Encoding   

  12  0:01  SCV  
  13  0:13  SCV  
  14  0:24  Supply Depot  
  14  0:29  SCV  
  15  0:46  SCV  
  15  0:47  Barracks  
  16  0:50  Refinery  
  16  0:59  SCV  
  17  1:16  SCV  
  18  1:34  Marine  
  18  1:35  Orbital Command  
  19  1:54  Command Center, Marine  
  20  2:03  SCV  
  21  2:12  Marine  
  22  2:19  Supply Depot  
  22  2:36  Barracks  
  22  2:40  Marine, Barracks  
  23  2:44  SCV  
  23  2:45  Factory  
  23  2:49  Refinery  
  24  3:10  Barracks Tech Lab  
  24  3:11  SCV  
  25  3:17  Orbital Command  
  25  3:25  Marine  
  26  3:28  Barracks Tech Lab  
  26  3:32  Starport, Factory Tech Lab  
  26  3:34  SCV  
  27  3:42  Stimpack  
  27  3:43  Marine  
  27  3:46  SCV  
  29  3:56  SCV  
  29  3:58  Combat Shields, SCV  
  31  4:08  SCV  
  32  4:10  Marine x2  
  32  4:15  Supply Depot  
  34  4:17  Medivac  
  34  4:23  SCV  
  34  4:24  Engineering Bay, SCV  
  34  4:51  Marine x3  
  34  5:08  Marine  
  34  5:09  Marine x2  
  34  5:12  Viking  
  39  5:30  Refinery  
  39  5:31  Refinery  
  39  5:33  Marine x2  
  39  5:34  Marine  
  42  5:51  Marine x3  
  42  5:56  SCV x2  
  47  6:07  Medivac  
  47  6:08  SCV  
  47  6:09  Marine  
  51  6:13  SCV  
  52  6:20  SCV  
  37  7:12  Marauder, Marine  
  37  7:13  Marauder  
  42  7:21  Viking  
  44  7:29  Siege Tank  
  47  7:30  Marine  
  47  7:31  Supply Depot  
  47  7:33  Supply Depot  
  47  7:34  Marauder  
  41  7:58  Marine x3  
  44  8:07  Starport Reactor  
  44  8:08  Supply Depot  
  44  8:09  Siege Tank  
  44  8:12  SCV x2  
  49  8:16  Marine x3  
  49  8:19  Concussive Shells  
  52  8:24  SCV x2  
  54  8:28  Barracks  
  54  8:36  SCV  
  54  8:38  SCV  
  56  8:42  Barracks Reactor  
  56  8:47  Medivac x2  
  56  8:48  Marine x2, SCV  
  60  8:53  Terran Infantry Weapons Level 1  
  63  8:55  Barracks  
  63  9:06  Marine x2  
  63  9:08  SCV x2  
  66  9:24  Marine x2  
  66  9:30  Medivac x2  
  72  9:31  Marine  
  72  9:32  Marine x2  
  75  9:42  Marine x2  
  77  9:49  Marine  
  78  9:53  Marine  
  78  9:54  Marine  
  80  10:00  Marauder x2  
  80  10:02  Barracks Reactor  
  84  10:10  Marine  
  84  10:11  Marine  
  86  10:44  Marauder  
  86  10:55  Marauder, Marine x5  
  86  10:56  Missile Turret  
  91  11:05  Marine  
  92  11:13  Marine x2  
  92  11:15  Marine  
  94  11:28  Marine x2  
  94  11:30  Marine  
  94  11:45  Marine  
  94  11:50  Command Center, Marine  
  94  11:54  Marine x2  
  94  12:09  Marine x3  
  94  12:17  Marine x4  
  94  12:18  Terran Infantry Armor Level 1  
  98  12:26  Supply Depot  
  98  12:27  Marine  
  98  12:28  Marauder x2  
  103  12:30  Armory  
  103  12:31  Siege Tank  
  103  12:35  Marine  
  107  12:37  Marine x2  
  107  12:38  Marine  
  110  12:44  Missile Turret  
  110  12:47  Marine, SCV x2  
  110  12:49  Supply Depot, Marine, Marauder  
  110  12:50  Supply Depot  
  116  13:00  SCV x2  
  118  13:12  Supply Depot, SCV x2  
  120  13:24  SCV x2  
  106  13:36  Medivac, SCV x2  
  106  13:37  Medivac  
  112  13:46  Missile Turret  
  112  13:47  Missile Turret  
  112  13:49  Terran Vehicle Weapons Level 1  
  112  13:53  Engineering Bay  
  112  14:02  Barracks Reactor  
  112  14:04  Marine x6  
  112  14:09  Orbital Command  
  118  14:10  Medivac x2  
  122  14:22  Marine  
  123  14:24  Terran Infantry Weapons Level 2  
  123  14:26  Terran Infantry Armor Level 2  
  123  14:31  SCV x2  
  124  14:33  Liberator x2  
  125  14:43  SCV x2  
  127  14:47  Missile Turret  
  127  14:48  Siege Tank  
  136  15:01  SCV  
  136  15:02  SCV  
  136  15:03  SCV  
  136  15:07  Refinery  
  139  15:09  Refinery  
  139  15:11  Command Center  
  139  15:13  SCV  
  140  15:14  SCV  
  140  15:15  SCV  
  142  15:33  Viking x2  
  142  15:34  SCV  
  147  15:38  Starport  
  147  15:44  Terran Ship Weapons Level 1  
  147  15:46  Siege Tank  
  150  15:54  SCV  
  151  16:00  Marine x3  
  151  16:01  Marauder, Marine  
  157  16:22  Viking x3, Marine x3  
  166  16:52  Viking  
  168  16:55  Missile Turret  
  168  17:00  Missile Turret  
  168  17:02  Viking  
  168  17:03  Viking  
  172  17:16  Marine  
  172  17:17  Marine x6  
  172  17:22  Viking  
  181  17:27  Missile Turret  
  181  17:28  Marine  
  182  17:32  Viking  
  182  17:33  Viking  
  182  17:34  Marine x2, Planetary Fortress  
  188  17:37  Missile Turret  
  187  17:52  Viking  
Tags
 
Composition
MMM Bio
League
GoldGold
Matchup
TvT
Race
Terran
Replay Pack
sc2 replays 2016
Add a new tag
Caveats
  • Supply blocks, unpowered buildings, or Contaminate may cause inaccurate times.
  • Supply counts are checked every 10 seconds.